 Dungeon Crawl Stone Soup version 0.29-a0-322-g68df515428 (webtiles) character file.

Game seed: 5462518580620564748

264 bande the Covered (level 6, -1/39 HPs)
             Began as a Gargoyle Fighter on Apr 7, 2022.
             Slain by Grinder (8 damage)
             ... while paralysed by Grinder
             ... on level 3 of the Dungeon.
             The game lasted 00:05:29 (2606 turns).

bande the Covered (Gargoyle Fighter)                Turns: 2606, Time: 00:05:30

Health: -1/39      AC: 11    Str: 20    XL:     6   Next: 19%
Magic:  6/6        EV:  2    Int:  8    God:
Gold:   175        SH:  0    Dex: 11    Spells: 5/5 levels left

rFire   . . .      SeeInvis .   a - +0 war axe
rCold   . . .      Faith    .   c - +0 buckler
rNeg    + . .      Spirit   .   b - +0 scale mail
rPois   ∞          Reflect  .   (no helmet)
rElec   +          Harm     .   (no cloak)
rCorr   +          Rampage  .   (no gloves)
Will    .....                   (no boots)
Stlth   ..........              (no amulet)
HPRegen 0.13/turn               g - ring of resist corrosion
MPRegen 0.10/turn               (no ring)

@: paralysed
A: sickness immunity, AC +4, negative energy resistance 1, electricity
resistance, torment resistance 1, petrification resistance
a: no special abilities


You were on level 3 of the Dungeon.
You visited 1 branch of the dungeon, and saw 3 of its levels.

You collected 175 gold pieces.

Inventory:

Hand Weapons
 a - a +0 war axe (weapon)
 k - a +1 mace of protection
Armour
 b - a +0 scale mail (worn)
 c - a +0 buckler (worn)
Jewellery
 e - a ring of magical power
 g - a ring of resist corrosion (left hand)
Scrolls
 f - a scroll of fear
Potions
 d - a potion of flight {unknown}
 h - 4 potions of curing
 j - a potion of degeneration {unknown}
 l - a potion of berserk rage {unknown}


   Skills:
 + Level 4.3 Fighting
 + Level 4.0 Axes
 + Level 4.8 Armour
 + Level 3.7 Shields


You had 5 spell levels left.
You didn't know any spells.
Your spell library contained the following spells:

 Spells                   Type           Power      Damage    Failure   Level
 Animate Skeleton         Necr           0%         N/A       83%         1
 Pain                     Necr           0%         1d4       83%         1
 Gell's Gravitas          Tloc           0%         N/A       99%         3
 Summon Guardian Golem    Hex/Summ       0%         N/A       99%         3
 Teleport Other           Tloc           0%         N/A       99%         3
 Tukima's Dance           Hex            0%         N/A       99%         3
 Vampiric Draining        Necr           0%         2d6       99%         3
 Anguish                  Hex/Necr       0%         N/A       100%        4
 Dispersal                Tloc           0%         N/A       100%        6
 Enfeeble                 Hex            0%         N/A       100%        7
 Orb of Destruction       Conj           0%         9d5       100%        7
 Spellforged Servitor     Conj/Summ      0%         N/A       100%        7


Dungeon Overview and Level Annotations

Branches:
Dungeon (3/15)

Altars:
Zin

Shops:
D:2 =

Annotations:
D:3 Grinder


Innate Abilities, Weirdness & Mutations

You are immune to sickness and miasma.
Your stone body is resilient. (AC +4)
You are immune to poison.
You resist negative energy. (rN+)
You are resistant to electric shocks. (rElec)
You are resistant to unholy torment.
You are immune to petrification.


Message History

You writhe in agony.
* * * LOW HITPOINT WARNING * * *
Grinder hits you but does no damage. x2
You can move again.
You barely miss Grinder.
Grinder is almost dead.
Grinder gestures at you. You resist with significant effort.
You closely miss Grinder.
Grinder is almost dead.
Grinder gestures at you.
You shrug off the repeated paralysis!
Grinder gestures at you. Pain shoots through your body!
* * * LOW HITPOINT WARNING * * *
You hit Grinder.
Grinder is almost dead.
You block Grinder's attack.
You barely miss Grinder.
Grinder is almost dead.
Grinder gestures at you. You resist with significant effort.
You hit Grinder.
Grinder is almost dead.
Grinder gestures at you. Pain shoots through your body!
* * * LOW HITPOINT WARNING * * *
Grinder gestures at you. You resist with significant effort.
You feel better. Grinder hits you.
* * * LOW HITPOINT WARNING * * *
Unknown command.
You closely miss Grinder.
Grinder is almost dead.
Grinder hits you but does no damage.
You hit Grinder but do no damage.
Grinder is almost dead.
Grinder gestures at you.
You suddenly lose the ability to move!
Grinder hits you!
You die...

=..###
#.#.#.♣♣.♣ ...#
...#
#.#.#.♣♣.♣♣....#
...#
#.#.#....<#....#
...#######
#....^.>........
.........#
#...........#.
.........#
#.....?....#♣
.........#
#..........#
.........#
#.........♣#♣.
.........#
#..!5@.........
.........#
#.........♣#♣.♣
..<......#
#...........#
.........#
###########.♣
########## ...
###


You could see Grinder.

Vanquished Creatures
  Sigmund (D:2)
  3 adders (D:2)
  2 worms (D:2)
  A dart slug (D:2)
  3 orcs (D:3)
  5 ball pythons
  8 endoplasms
  A giant cockroach (D:2)
  6 goblins
  5 hobgoblins
  6 quokkas
  6 bats
  2 frilled lizards (D:2)
  7 kobolds
  5 rats
61 creatures vanquished.

Notes
Turn   | Place    | Note
-------+----------+-------------------------------------------
     0 | D:1      | bande the Gargoyle Fighter began the quest for the Orb.
     0 | D:1      | Reached XP level 1. HP: 14/14 MP: 1/1
   109 | D:1      | Reached XP level 2. HP: 11/19 MP: 2/2
   488 | D:1      | Found a faded altar of an unknown god.
   624 | D:1      | Reached XP level 3. HP: 24/24 MP: 3/3
  1212 | D:2      | Found Lealaecusch's Jewellery Shop.
  1239 | D:2      | Noticed Sigmund
  1246 | D:2      | Killed Sigmund
  1247 | D:2      | Reached XP level 4. HP: 4/29 MP: 4/4
  1247 | D:2      | Reached XP level 5. HP: 4/33 MP: 5/5
  1540 | D:2      | Reached XP level 6. HP: 37/38 MP: 6/6
  1833 | D:2      | Found a glowing silver altar of Zin.
  2561 | D:3      | Noticed Grinder
  2579 | D:3      | Paralysed by Grinder for 6 turns
  2594 | D:3      | Paralysed by Grinder for 5 turns
  2606 | D:3      | Paralysed by Grinder for 3 turns
  2606 | D:3      | Slain by Grinder

Illustrated notes

Levels and vault maps discovered:
D:1:      dpeg_arrival_water_temple_mockup, layout_loops_ring,
          ebering_ecumenical_altar_rust, minivault_26
D:2:      layout_loops_ring, basic_altar, serial_shops, nicolae_shop_crystal,
          nicolae_figureground_pulse, uniq_sigmund
D:3:      layout_basic, serial_forest, infiniplex_forest_straight_4,
          infiniplex_forest_clump_small, infiniplex_forest_3_way,
          infiniplex_forest_lined_4_way, infiniplex_forest_straight_4,
          infiniplex_forest_end_2, infiniplex_forest_lined_room_,
          infiniplex_forest_end_3, infiniplex_forest_lined_corner, uniq_grinder

Skill      XL: |  1  2  3  4  5  6 |
---------------+-------------------+-----
Axes           | 2 3 4 |  4.0
Fighting       | 4 |  4.3
Armour         | 4 |  4.8
Shields        | |  3.7

Action                   |  1- 3 |  4- 6 || total
-------------------------+-------+-------++-------
Melee: War axe           |    81 |    90 ||   171
  Use: Potion            |     1 |     1 ||     2
       Scroll            |       |     5 ||     5
Armor: Scale mail        |    58 |    49 ||   107
Dodge: Dodged            |    59 |    35 ||    94
Block: Buckler           |    12 |    22 ||    34

Table legend: (Time is in decaauts)
 A = Elapsed time spent in this place.
 B = Non-inter-level travel time spent in this place.
 C = Inter-level travel time spent in this place.
 D = Time resting spent in this place.
 E = Time spent auto-exploring this place.
 F = Levels seen in this place.
 G = Mean time per level.
                   A        B        C        D        E       F      G
               +--------+--------+--------+--------+--------+-----+--------+
         Total |   2672 |   2455 |    217 |    515 |   1406 |   3 |  890.7 |
       Dungeon |   2672 |   2455 |    217 |    515 |   1406 |   3 |  890.7 |
               +--------+--------+--------+--------+--------+-----+--------+

Top non-repeatable levels by time:
     D:1: 1243 daAuts
     D:2: 1006 daAuts
     D:3: 423 daAuts
